 Dungeon Crawl Stone Soup version 0.20-a0-1127-g1289703 (webtiles) character file.

102 Monsterracer the Chopper (level 4, -3/39 HPs)
             Began as a Hill Orc Abyssal Knight on May 18, 2017.
             Was a Believer of Lugonu.
             Killed by divine providence
             ... invoked by an orc priest
              (13 damage)
             ... on level 3 of the Dungeon.
             The game lasted 00:04:54 (2584 turns).

Monsterracer the Chopper (Hill Orc Abyssal Knight)  Turns: 2584, Time: 00:04:55

Health: -3/39      AC:  3    Str: 12    XL:     4   Next: 78%
Magic:  7/7        EV: 11    Int: 14    God:    Lugonu [**....]
Gold:   50         SH:  0    Dex: 11    Spells: 3/3 levels left

rFire    . . .     SeeInvis .   a - +1 hand axe
rCold    . . .     Gourm    .   (no shield)
rNeg     . . .     Faith    .   b - +0 leather armour
rPois    .         Spirit   .   (no helmet)
rElec    .         Reflect  .   (no cloak)
rCorr    .         Harm     .   (no gloves)
MR       .....                  (no boots)
Stlth    +.........             (no amulet)
Regen    0.2/turn               (no ring)
MPRegen  0.1/turn               (no ring)

@: lethally poisoned (-3 -> -10)
A: clever 1, weak 1
a: Depart the Abyss, Bend Space, Renounce Religion, Convert to Beogh


You were on level 3 of the Dungeon.
You worshipped Lugonu.
Lugonu was pleased with you.
You were not hungry.

You visited 1 branch of the dungeon, and saw 3 of its levels.
You visited the Abyss 1 time.

You collected 50 gold pieces.

Inventory:

Hand Weapons
 a - a +1 hand axe (weapon)
Armour
 b - a +0 leather armour (worn)
 f - a +0 plate armour
Scrolls
 d - a scroll of identify {unknown}
 e - 2 scrolls of remove curse {unknown}
 g - a scroll of immolation {unknown}
 h - a scroll of recharging {unknown}
Comestibles
 c - 2 bread rations


   Skills:
 - Level 3.6 Fighting
 * Level 5.3 Axes
 - Level 2.1 Armour
 - Level 0.7 Dodging
 + Level 4.2 Invocations


You had 3 spell levels left.
You didn't know any spells.

Dungeon Overview and Level Annotations

Branches:
Dungeon (3/15)

Altars:
Hepliaklqana
Trog


Innate Abilities, Weirdness & Mutations

Your mind is acute. (Int +2)
You are weak. (Str -2)


Message History

You are more poisoned.
The orc hits you with a mace.
Unknown command.
Wield which item (- for none, * to show all)? (? for menu, Esc to quit)
Okay, then.
You feel sick.
You feel sick.
The orc priest mumbles some strange prayers to Beogh against you.
Pain shoots through your body!
You feel sick.
The orc priest calls upon Beogh to heal the orc.
The orc's wounds heal themselves!
Okay, then.
You feel sick.
You feel sick.
You feel sick.
You feel sick.
The orc priest invokes the aid of Beogh against you.
Beogh smites you!
You die...

#......#.....#
#......#.....+
#......#.....#
#.....o#.....#
#......#o.o..#
#....o.#....o#
#.....o#.#....
#......#
####.....@#
#..'......+
#.##....(.###
#...........#
###.........+
#.........#####
#.............+
#...........##
#...........#


You could see an orc priest and 2 orcs.

Vanquished Creatures
  3 adders (D:2)
  2 oozes (D:1)
  A worm (D:2)
  2 dart slugs
  A leopard gecko (D:2)
  A ball python (D:2)
  4 bats
  7 giant cockroaches
  5 goblins
  4 hobgoblins
  6 jackals (D:2)
  9 kobolds
  A quokka (D:2)
  5 frilled lizards (D:2)
  3 rats (D:1)
54 creatures vanquished.

Notes
Turn   | Place    | Note
-------+----------+-------------------------------------------
     0 | Abyss:1  | Monsterracer the Hill Orc Abyssal Knight began the quest for the Orb.
     0 | Abyss:1  | Reached XP level 1. HP: 19/19 MP: 2/2
    49 | D:1      | Escaped the Abyss
   149 | D:1      | Reached skill level 3 in Axes
   211 | D:1      | Reached XP level 2. HP: 18/26 MP: 4/4
   663 | D:1      | Gained mutation: You are weak. (Str -2) [potion of mutation]
   663 | D:1      | Gained mutation: Your mind is acute. (Int +2) [potion of mutation]
   786 | D:1      | Reached XP level 3. HP: 27/31 MP: 5/5
  1140 | D:1      | Reached skill level 4 in Axes
  1218 | D:1      | Found a bloodstained altar of Trog.
  1607 | D:2      | Reached XP level 4. HP: 34/39 MP: 6/6
  1700 | D:2      | Reached ** piety under Lugonu
  1964 | D:2      | Found a hazy altar of Hepliaklqana.
  2025 | D:2      | Reached skill level 5 in Axes
  2584 | D:3      | Killed from afar by an orc priest

Vault maps used:
D:1:      sevenhm_arrival_forest_fort_small_6
D:2:      nicolae_overflow_crystal_walls, first_bread,
          minmay_misc_feat_more_columns, kennysheep_generic_room_3
D:3:      gammafunk_temple_overflow_wave, uniq_jessica
Abyss:1:  minivault_19

Skill      XL: |  1  2  3  4 |
---------------+-------------+-----
Axes           | 3 4 5 |  5.3
Invocations    | 3 4 |  4.2
Fighting       | |  3.6
Armour         | |  2.1
Dodging        | |  0.7

Action                   |  1- 3 |  4- 6 || total
-------------------------+-------+-------++-------
Melee: Hand axe          |    93 |    88 ||   181
  Use: Potion            |     3 |     1 ||     4
  Eat: Chunk             |     2 |     3 ||     5
Armor: Leather armour    |    31 |    37 ||    68
Dodge: Dodged            |    51 |    54 ||   105
